 Dungeon Crawl Stone Soup version 0.31-a0-1002-g8e65716e6e (webtiles) character file.

Game seed: 14324095567689955937

1024 kae the Vexing (level 8, -3/54 HPs)
             Began as a Demonspawn Enchanter on Nov 9, 2023.
             Slain by a bog mummy (17 damage)
             ... in an ossuary.
             The game lasted 00:05:07 (4956 turns).

kae the Vexing (Demonspawn Enchanter)               Turns: 4956, Time: 00:05:08

Health: -3/54      AC:  7    Str: 10    XL:     8   Next: 2%
Magic:  11/13      EV: 12    Int: 18    God:
Gold:   335        SH:  0    Dex: 13    Spells: 3/14 levels left

rFire   . . .        i - +4 dagger
rCold   . . .        (no shield)
rNeg    . . .        b - +0 robe
rPois   .            (helmet restricted)
rElec   .            p - +0 cloak
rCorr   .            (no gloves)
SInv    .            l - +1 pair of boots
Will    .....        (no amulet)
Stlth   +++          (no ring)
HPRegen 0.29/turn    (no ring)
MPRegen 0.13/turn

%: no passive effects
@: brilliant, confusing by touch, slowed, very slow
A: horns 1, thin metallic scales 1, powered by pain 2
a: no special abilities


You were in an ossuary.
You visited 1 branch of the dungeon, and saw 6 of its levels.
You also visited: Ossuary.

You collected 335 gold pieces.


Innate Abilities, Weirdness & Mutations

You have a pair of small horns on your head.
You are partially covered in thin metallic scales. (AC +2)
You sometimes gain power by taking damage.


   Skills:
 - Level 1.0 Fighting
 * Level 4.3 Short Blades
 - Level 2.0 Dodging
 + Level 4.5 Stealth
 + Level 3.7 Spellcasting
 * Level 5.7 Hexes
 + Level 2.6 Ice Magic


You had 3 spell levels left.
You knew the following spells:

 Your Spells              Type           Power      Damage    Failure   Level
a - Ensorcelled Hibernat  Hex/Ice        54%        N/A       4%          2
b - Confusing Touch       Hex            35%        N/A       4%          3
c - Tukima's Dance        Hex            35%        N/A       4%          3
d - Dazzling Flash        Conj/Hex       40%        N/A       14%         3

Your spell library contained the following spells:

 Spells                   Type           Power      Damage    Failure   Level
 Shock                    Conj/Air       20%        1d4       16%         1
 Cigotuvi's Dreadful Rot  Necr/Pois/Air  10%        N/A       22%         2
 Hailstorm                Conj/Ice       12%        3d5       26%         3
 Ignite Poison            Fire/Tmut/Pois 5%         N/A       41%         3
 Stone Arrow              Conj/Erth      10%        3d7       41%         3
 Swiftness                Air            5%         N/A       41%         3
 Volatile Blastmotes      Fire/Tloc      10%        2d10      41%         3
 Airstrike                Air            2%         2d(1-17)  83%         4
 Animate Armour           Summ/Erth      10%        N/A       83%         4
 Freezing Cloud           Conj/Ice/Air   4%         6-21      96%         5
 Lehudib's Crystal Spear  Conj/Erth      2%         10d2      100%        8

Inventory:

Hand Weapons
 a - a +1 dagger
 i - a +4 dagger (weapon)
   (You took it off a kobold on level 1 of the Dungeon)
 m - a +0 dagger of venom
   (You took it off a kobold on level 3 of the Dungeon)
Missiles
 f - 9 poisoned darts
 g - 52 stones
Armour
 b - a +0 robe (worn)
 l - a +1 pair of boots (worn)
   (You found it on level 2 of the Dungeon)
 p - a +0 cloak (worn)
   (You found it on level 3 of the Dungeon)
Wands
 o - a wand of roots (11)
   (You found it on level 5 of the Dungeon)
Potions
 c - 2 potions of invisibility
 d - 3 potions of curing {unknown}
 e - 5 potions of attraction {unknown}
 h - a potion of lignification {unknown}
 j - a potion of enlightenment
 k - 2 potions of brilliance
 n - a potion of mutation {unknown}
 r - a potion of ambrosia {unknown}
 s - a potion of heal wounds {@q2}
 t - 2 potions of might {unknown}

Dungeon Overview and Level Annotations

Branches:
Dungeon (6/15) Zot: 26614  Temple (0/1) D:4         Ossuary (1/1) Zot: 5940

Altars:
Ashenzari
Makhleb
Okawaru
Qazlal
Sif Muna
Trog
Uskayaw
Xom
Yredelemnul

Annotations:
D:3 2 transporters, exclusions: orc and orc wizard, Pi314's ghost, amateur DsGl
D:6 Duvessa

##### #∩..#
#.@.# # #.MZ#
##+##'##'##~~#~
.....~~~~.~...#
#+#'#.~~#+#.~##
#.#P# #≈# ##≈#~
# ## #


You could see a bog mummy and a bullfrog zombie.


Message History

There is an open door here.
Okay, then.
It was a potion of brilliance.
You feel clever all of a sudden.
Casting: Ensorcelled Hibernation (safe; 4% risk of failure)
Confirm with . or Enter, or press ? or * to list all spells.
You feel a surge of power!
Your hands begin to glow red.
The mummy hits you! 😕 HP[-8] MP[-2]
You take 8 damage, and now have 40/48 hp.
You lost 2 mp, and now have 10/12 mp.
You hit the mummy but do no damage. You hit the mummy but do no damage.
The mummy appears confused. 😕 HP[+1] Unknown command.
You hit the mummy but do no damage. You headbutt the mummy.
You close the door.
A bog mummy opens the door.
You hit the mummy but do no damage. You headbutt the mummy. 😕 HP[+1]
You hit the mummy. 😕 MP[+1]
You hit the mummy. The bog mummy barely misses you.
There is an empty arch of ancient stone here.
You hit the mummy. The mummy hits you. 😕 HP[-3]
You take 3 damage, and now have 39/48 hp.
You hit the mummy.
You headbutt the mummy, but do no damage.
You hit the mummy but do no damage. The mummy hits you. 😕 HP[-1]
You take 1 damage, and now have 38/48 hp.
You hit the mummy but do no damage. You headbutt the mummy.
You barely miss the mummy. The bog mummy hits you.
The mummy closely misses you. 😮 HP[-5]
You take 5 damage, and now have 33/48 hp.
You barely miss the mummy.
The bog mummy gestures at you while chanting.
You feel yourself slow down. 😮 HP[+1]
You hit the mummy.
You destroy the mummy!
The bog mummy gestures at you while chanting.
The puff of frost hits you.
You have reached level 8!
You feel stronger. 😮 HP[+1] MP[+2]
You now have 54 max hp (+6).
Your mp is fully restored (13).
Casting: Confusing Touch (dangerous; 4% risk of failure)
Confirm with . or Enter, or press ? or * to list all spells.
You feel a surge of power!
Your hands begin to glow red.
The bog mummy hits you but does no damage.
The bog mummy misses you.
The bog mummy closely misses you. x2 😮 HP[+1] MP[-2]
You lost 2 mp, and now have 11/13 mp.
You hit the bog mummy but do no damage. The bog mummy casts a spell at you.
You resist with some effort.
The bog mummy hits you but does no damage.
You hit the bog mummy but do no damage. You headbutt the bog mummy.
The bog mummy hits you. 😮 HP[-4]
You take 4 damage, and now have 32/54 hp.
Unknown command.
You hit the bog mummy but do no damage.
The bog mummy appears confused. 😮 HP[+1]
You hit the bog mummy. The bullfrog zombie hits you.
The bog mummy points at you and mumbles some strange words.
You resist with some effort. 😮 HP[-3] MP[+1]
You take 3 damage, and now have 30/54 hp.
You hit the bog mummy. You headbutt the bog mummy.
The bullfrog zombie hits you but does no damage.
The bog mummy gestures at you while chanting.
The puff of frost hits you!
* * * LOW HITPOINT WARNING * * *
You focus on the pain.
You feel your power returning. 😨 HP[-11] MP[+1]
You take 11 damage, and now have 19/54 hp.
MASSIVE DAMAGE!! (PAUSE)
Your mp is fully restored (13).
You hit the bog mummy.
The bullfrog zombie hits you but does no damage.
The bog mummy hits the bog mummy!
The bullfrog zombie hits you.
* * * LOW HITPOINT WARNING * * *
😨 HP[-1]
You take 1 damage, and now have 18/54 hp.
You hit the bog mummy.
You destroy the bog mummy!
The bullfrog zombie misses you. The bog mummy barely misses you.
The bullfrog zombie hits you.
* * * LOW HITPOINT WARNING * * *
😱 HP[-5]
You take 5 damage, and now have 13/54 hp.
Casting: Confusing Touch (dangerous; 4% risk of failure)
Confirm with . or Enter, or press ? or * to list all spells.
You feel a surge of power!
Your hands begin to glow red.
The bullfrog zombie barely misses you. The bog mummy hits you!
You die...

Skill      XL: |  1  2  3  4  5  6  7 |
---------------+----------------------+-----
Short Blades   | 1 2 3 4 |  4.3
Dodging        | 2 |  2.0
Fighting       | 1 |  1.0
Stealth        | 3 4 |  4.5
Ice Magic      | 1 2 |  2.6
Hexes          | 4 5 |  5.7
Spellcasting   | 3 |  3.7

Action                     |  1- 3 |  4- 6 |  7- 9 || total
---------------------------+-------+-------+-------++-------
  Melee: Dagger            |   136 |   155 |    73 ||   364
         Punch             |     1 |       |     1 ||     2
         Headbutt          |       |       |    14 ||    14
   Cast: Ensorcelled Hiber |     4 |    22 |    21 ||    47
         Confusing Touch   |       |     1 |     5 ||     6
    Use: Potion            |       |     3 |     1 ||     4
         Scroll            |       |     4 |     3 ||     7
   Stab: Sleeping          |    10 |    25 |    10 ||    45
         Invisible         |       |     5 |       ||     5
         Confused          |       |       |     1 ||     1
 Armour: Robe              |    53 |    92 |    57 ||   202
  Dodge: Dodged            |    79 |   100 |    45 ||   224

Levels and vault maps discovered:
D:1:      lightli_arrival_chessboard, layout_loops_ring
D:2:      layout_basic
D:3:      layout_loops_corners, mainiacjoe_overflow_surrounded_room,
          gammafunk_ghost_mausoleum, kennysheep_path_1, nicolae_the_louvre
D:4:      layout_loops_corners, marbit_many_paths, minitemple,
          amcnicky_altar_gilded, grunt_temple_overflow_open,
          minmay_temple_entry_statues_fountains
D:5:      layout_loops_ring, mainiacjoe_overflow_tiny_flanked,
          kennysheep_little_box
D:6:      layout_loops_cross, zin_statuary, nicolae_ossuary_entry_monument,
          uniq_duvessa
Ossuary:  ossuary_zaba_flooded

Notes
Turn   | Place    | Note
-------+----------+-------------------------------------------
     0 | D:1      | kae the Demonspawn Enchanter began the quest for the Orb.
     0 | D:1      | Reached XP level 1. HP: 13/13 MP: 3/3
     0 | D:1      | magus.rc [v1.11.3]
    48 | D:1      | Reached skill level 1 in Short Blades
   123 | D:1      | Gained mutation: You are partially covered in thin metallic
                  | scales. (AC +2) [demonic ancestry]
   123 | D:1      | Reached XP level 2. HP: 19/19 MP: 5/5
   140 | D:1      | You add the spells Cigotuvi's Dreadful Rot, Ignite Poison
                  | and Freezing Cloud to your library.
   259 | D:1      | Reached skill level 2 in Dodging
   430 | D:1      | Gained mutation: You sometimes gain a little power by
                  | taking damage. [demonic ancestry]
   430 | D:1      | Reached XP level 3. HP: 20/25 MP: 6/6
   476 | D:1      | Learned a level 2 spell: Ensorcelled Hibernation
   498 | D:1      | Learned a level 3 spell: Confusing Touch
   726 | D:2      | Identified the "Citas"
   815 | D:2      | You add the spells Hailstorm and Volatile Blastmotes to
                  | your library.
   832 | D:2      | Reached skill level 1 in Fighting
  1004 | D:2      | Reached skill level 3 in Stealth
  1168 | D:2      | Gained mutation: You sometimes gain power by taking damage.
                  | [demonic ancestry]
  1168 | D:2      | Reached XP level 4. HP: 32/32 MP: 7/7
  1599 | D:3      | Reached skill level 2 in Short Blades
  1635 | D:3      | Reached skill level 1 in Ice Magic
  1635 | D:3      | Reached XP level 5. HP: 17/37 MP: 6/8
  2125 | D:3      | Found a transporter.
  2128 | D:3      | Noticed Pi314's ghost (amateur DsGl)
  2133 | D:3      | Found a transporter.
  2174 | D:3      | Reached skill level 4 in Hexes
  2612 | D:3      | Learned a level 3 spell: Tukima's Dance
  2738 | D:4      | Noticed a phantom
  2757 | D:4      | Killed a phantom
  2758 | D:4      | Reached XP level 6. HP: 43/43 MP: 7/10
  2801 | D:4      | Found a broken altar of Ashenzari.
  2984 | D:4      | Found a stormy altar of Qazlal.
  2987 | D:4      | Found a shimmering altar of Xom.
  2992 | D:4      | You pick up a book of Air and begin reading...
  2992 | D:4      | You add the spells Shock, Swiftness and Airstrike to your
                  | library.
  3118 | D:4      | Found a bloodstained altar of Trog.
  3120 | D:4      | Found an iron altar of Okawaru.
  3121 | D:4      | Found a burning altar of Makhleb.
  3370 | D:4      | Found a shimmering blue altar of Sif Muna.
  3505 | D:4      | Found a staircase to the Ecumenical Temple.
  3518 | D:4      | You pick up a book of Armaments and begin reading...
  3518 | D:4      | You add the spells Stone Arrow, Animate Armour and
                  | Lehudib's Crystal Spear to your library.
  3612 | D:5      | Entered Level 5 of the Dungeon
  3612 | D:5      | Found a hide-covered altar of Uskayaw.
  3715 | D:5      | Reached skill level 3 in Short Blades
  3715 | D:5      | Reached skill level 3 in Spellcasting
  3920 | D:5      | Noticed a water moccasin
  3924 | D:5      | Killed a water moccasin
  4062 | D:5      | Reached skill level 2 in Ice Magic
  4062 | D:5      | Gained mutation: You have a pair of small horns on your
                  | head. [demonic ancestry]
  4062 | D:5      | Reached XP level 7. HP: 42/48 MP: 6/11
  4077 | D:5      | HP: 8/48 [gnoll/+0 spear (5)]
  4079 | D:5      | Reached skill level 4 in Stealth
  4084 | D:5      | HP: 5/48 [gnoll/+0 whip (5)]
  4215 | D:5      | Found a basalt altar of Yredelemnul.
  4267 | D:5      | Reached skill level 5 in Hexes
  4472 | D:5      | Learned a level 3 spell: Dazzling Flash
  4510 | D:6      | Identified the "Poirghywk"
  4510 | D:6      | Noticed a steam dragon
  4754 | D:6      | Noticed Duvessa
  4789 | D:6      | Reached skill level 4 in Short Blades
  4831 | D:6      | Killed a steam dragon
  4891 | D:6      | Found a sand-covered staircase.
  4898 | Ossuary  | Entered an ossuary
  4947 | Ossuary  | Reached XP level 8. HP: 35/54 MP: 13/13
  4955 | Ossuary  | HP: 13/54 [bullfrog zombie (5)]
  4956 | Ossuary  | Slain by a bog mummy

Vanquished Creatures
  A steam dragon (D:6)
  A water moccasin (D:5)
  A black bear (D:6)
  2 phantoms
  A bullfrog (D:6)
  A howler monkey (D:5)
  An orc priest (D:3)
  2 iguanas
  3 orc wizards
  2 mummies (Ossuary)
  4 adders
  8 gnolls
  A shadow imp (D:5)
  A white imp (D:6)
  2 worms
  5 dart slugs
  16 orcs
  7 ball pythons
  5 bats
  8 endoplasms
  2 giant cockroaches
  6 goblins
  7 hobgoblins
  2 jackals (D:2)
  7 kobolds
  5 quokkas
  4 frilled lizards
  4 rats
109 creatures vanquished.

Table legend:
 A = Non-vault XP
 B = Vault XP
 C = Vault XP percentage of total XP
 D = Non-vault monster count
 E = Vault monster count
 F = Vault count percentage of total count
                 A         B        C        D         E       F
            +---------+---------+-------+---------+---------+-------
      Total |    1406 |      58 |   4.0 |     106 |       3 |   2.8
            +---------+---------+-------+---------+---------+-------
        D:1 |      55 |       0 |   0.0 |      29 |       0 |   0.0
        D:2 |      51 |       0 |   0.0 |      16 |       0 |   0.0
        D:3 |     194 |       0 |   0.0 |      30 |       0 |   0.0
        D:4 |     153 |       3 |   1.9 |       8 |       1 |  11.1
        D:5 |     467 |       0 |   0.0 |      12 |       0 |   0.0
        D:6 |     486 |       0 |   0.0 |      11 |       0 |   0.0
    Ossuary |       0 |      55 | 100.0 |       0 |       2 | 100.0
            +---------+---------+-------+---------+---------+-------

Skill      XL: |  1  2  3  4  5  6  7 |
---------------+----------------------+-----
Short Blades   | 1 2 3 4 |  4.3
Dodging        | 2 |  2.0
Fighting       | 1 |  1.0
Stealth        | 3 4 |  4.5
Ice Magic      | 1 2 |  2.6
Hexes          | 4 5 |  5.7
Spellcasting   | 3 |  3.7

Action                     |  1- 3 |  4- 6 |  7- 9 || total
---------------------------+-------+-------+-------++-------
  Melee: Dagger            |   136 |   155 |    73 ||   364
         Punch             |     1 |       |     1 ||     2
         Headbutt          |       |       |    14 ||    14
   Cast: Ensorcelled Hiber |     4 |    22 |    21 ||    47
         Confusing Touch   |       |     1 |     5 ||     6
    Use: Potion            |       |     3 |     1 ||     4
         Scroll            |       |     4 |     3 ||     7
   Stab: Sleeping          |    10 |    25 |    10 ||    45
         Invisible         |       |     5 |       ||     5
         Confused          |       |       |     1 ||     1
 Armour: Robe              |    53 |    92 |    57 ||   202
  Dodge: Dodged            |    79 |   100 |    45 ||   224

Illustrated notes

Table legend:
 A = Kills in this place as a percentage of kills in the entire game.
 B = Kills by you in this place as a percentage of kills by you in the entire game.
 C = Kills by friends in this place as a percentage of kills by friends in the entire game.
 D = Other kills in this place as a percentage of other kills in the entire game.
 E = Experience gained in this place as a percentage of experience gained in the entire game.
 F = Experience gained in this place divided by the number of levels of this place that you have seen.
                   A       B       C       D       E      F
               +-------+-------+-------+-------+-------+----------------------
         Total | 100.0 | 100.0 |   N/A |   N/A | 100.0 | 209.1
       Dungeon |  98.2 |  98.2 |   N/A |   N/A |  96.2 | 234.8
       Ossuary |   1.8 |   1.8 |   N/A |   N/A |   3.8 |  55.0
               +-------+-------+-------+-------+-------+----------------------

Table legend: (Time is in decaauts)
 A = Elapsed time spent in this place.
 B = Non-inter-level travel time spent in this place.
 C = Inter-level travel time spent in this place.
 D = Time resting spent in this place.
 E = Time spent auto-exploring this place.
 F = Levels seen in this place.
 G = Mean time per level.
                   A        B        C        D        E       F      G
               +--------+--------+--------+--------+--------+-----+--------+
         Total |   4919 |   4712 |    207 |    263 |   3451 |   7 |  702.7 |
       Dungeon |   4861 |   4654 |    207 |    263 |   3427 |   6 |  810.2 |
       Ossuary |     58 |     58 |      0 |      0 |     24 |   1 |   58.0 |
               +--------+--------+--------+--------+--------+-----+--------+

Top non-repeatable levels by time:
     D:3: 1306 daAuts
     D:5: 1044 daAuts
     D:4: 942 daAuts
     D:1: 719 daAuts
     D:2: 616 daAuts
     D:6: 232 daAuts
 Ossuary: 58 daAuts
